 Dungeon Crawl Stone Soup version 0.28-a0-1624-g820543e53a (webtiles) character file.

Game seed: 1961952780920626091

128576 fragbeetle the Gelid (level 17, -1/133 HPs)
             Began as a Merfolk Ice Elementalist on Jan 24, 2022.
             Was an Initiate of Gozag.
             Slain by an imperial myrmidon (29 damage)
             ... on level 1 of the Elven Halls.
             The game lasted 02:42:43 (45597 turns).

fragbeetle the Gelid (Merfolk Ice Elementalist)    Turns: 45597, Time: 02:42:44

Health: -1/133     AC: 20    Str:  8    XL:     17   Next: 3%
Magic:  4/27       EV: 23    Int: 21    God:    Gozag
Gold:   918        SH:  6    Dex: 22    Spells: 4/30 levels left

rFire   + + .      SeeInvis .   b - +2 demon trident (vamp)
rCold   + + .      Faith    .   S - +0 buckler
rNeg    . . .      Spirit   .   m - +2 robe {rC+ rF+}
rPois   +          Reflect  .   T - +2 helmet {Int+3}
rElec   .          Harm     .   l - +2 cloak {rCorr}
rCorr   +          Rampage  .   P - +1 pair of gloves {Dex+3}
Will    +....                   U - +2 pair of boots {Fly}
Stlth   +++.......              i - amulet of the acrobat
HPRegen 0.32/turn               Q - +4 ring of protection
MPRegen 0.20/turn               s - ring "Turumm" {rPois rF+ rC+}

@: flying, slowed, studying 2 skills, very slow
A: (nimble swimmer 2), mertail
a: Renounce Religion, Potion Petition, Call Merchant, Bribe Branch


You were on level 1 of the Elven Halls.
You worshipped Gozag.
Gozag was pleased with you.
You visited 7 branches of the dungeon, and saw 27 of its levels.
You also visited: Sewer, Gauntlet, Ice Cave and Desolation.

You collected 8949 gold pieces.
You spent 3488 gold pieces at shops.
You paid 4543 gold pieces to Gozag.

Inventory:

Hand Weapons
 a - the +8 trident of Proximity {freeze, Str+5 Int-4}
   (You bought it in a shop on level 1 of the Lair of Beasts)

   It freezes those it strikes, dealing additional cold damage.
   It can also slow down cold-blooded creatures.
   Str:       It affects your strength (+5).
   Int:       It affects your intelligence (-4).
 b - a +2 vampiric demon trident (weapon)
 r - a +4 flail of holy wrath
Missiles
 x - 6 throwing nets
 y - an atropa-tipped dart
 E - 3 curare-tipped darts
 J - 20 boomerangs (quivered)
 W - 8 silver javelins
Armour
 l - a +2 cloak of preservation (worn)
 m - a +2 robe of resistance (worn)
 P - a +1 pair of gloves of dexterity (worn)
 S - a +0 buckler (worn)
 T - a +2 helmet of intelligence (worn)
 U - a +2 pair of boots of flying (worn)
Jewellery
 i - an amulet of the acrobat (around neck)
 s - the ring "Turumm" (right hand) {rPois rF+ rC+}
   (You acquired it on level 14 of the Dungeon)

   [ring of protection from cold]

   rF:        It protects you from fire.
   rC:        It protects you from cold.
   rPois:     It protects you from poison.
 Q - a +4 ring of protection (left hand)
Wands
 h - a wand of acid (9)
 j - a wand of flame (10)
 C - a wand of iceblast (3)
 X - a wand of digging (4)
Scrolls
 c - a scroll of blinking
 d - 3 scrolls of fear
 f - 2 scrolls of silence
 q - a scroll of magic mapping
 A - 3 scrolls of fog
 F - 5 scrolls of summoning
Potions
 e - 6 potions of curing
 n - 4 potions of lignification
 p - 2 potions of resistance
 u - 2 potions of ambrosia
 z - 3 potions of berserk rage
 B - a potion of might
 G - 3 potions of haste
 K - 3 potions of magic
 R - 2 potions of cancellation
Miscellaneous
 k - a condenser vane
 D - a box of beasts
 O - a phantom mirror


   Skills:
 + Level 11.7 Fighting
 - Level 14.0 Polearms
 - Level 4.0 Armour
 + Level 14.1 Dodging
 - Level 5.0 Stealth
 * Level 5.0 Shields
 + Level 7.0 Spellcasting
 - Level 7.4 Conjurations
 - Level 6.0 Hexes
 - Level 8.0 Summonings
 - Level 7.1 Transmutations
 * Level 15.4 Ice Magic
 - Level 7.4 Air Magic
 - Level 5.7 Poison Magic


You had 4 spell levels left.
You knew the following spells:

 Your Spells              Type           Power      Damage    Failure   Level
a - Freeze                Ice            100%       1d11      1%          1
b - Frozen Ramparts       Ice            100%       1d12      1%          3
c - Ozocubu's Armour      Ice            64%        N/A       1%          3
d - Confusing Touch       Hex            32%        N/A       2%          3
e - Summon Lightning Spi  Summ/Air       39%        N/A       4%          4
f - Ozocubu's Refrigerat  Ice            32%        4d11      17%         7
g - Alistair's Intoxicat  Tmut/Pois      22%        N/A       22%         5

Your spell library contained the following spells:

 Spells                   Type           Power      Damage    Failure   Level
 Magic Dart               Conj           100%       1d8       1%          1
 Slow                     Hex            100%       N/A       1%          1
 Searing Ray              Conj           76%        2d7       1%          2
 Static Discharge         Conj/Air       38%        N/A       1%          2
 Hailstorm                Conj/Ice       53%        3d12      1%          4
 Foxfire                  Conj/Fire      92%        2x1d8     2%          1
 Fulminant Prism          Conj/Hex       17%        3d11      7%          4
 Conjure Flame            Conj/Fire      23%        6-21      8%          3
 Inner Flame              Hex/Fire       20%        N/A       10%         3
 Olgreb's Toxic Radiance  Pois           31%        N/A       11%         4
 Flame Wave               Conj/Fire      23%        2d7       24%         4
 Sticky Flame             Conj/Fire      23%        2d4       24%         4
 Vampiric Draining        Necr           7%         2d6       32%         3
 Animate Dead             Necr           3%         N/A       73%         4
 Dispel Undead            Necr           7%         3d8       73%         4
 Eringya's Noxious Bog    Tmut/Pois      17%        N/A       77%         6
 Borgnjor's Vile Clutch   Necr/Erth      3%         N/A       97%         5
 Storm Form               Tmut/Air       19%        N/A       99%         7
 Death Channel            Necr           3%         N/A       100%        6
 Dispersal                Tloc           3%         N/A       100%        6
 Disjunction              Tloc           3%         N/A       100%        8
 Ignition                 Fire           3%         3d4       100%        8
 Maxwell's Capacitive Co  Air            19%        ∞         100%        8
 Chain Lightning          Conj/Air       19%        3d25      100%        9
 Fire Storm               Conj/Fire      11%        8d3       100%        9
 Shatter                  Erth           3%         3d7*      100%        9


Dungeon Overview and Level Annotations

Branches:
Dungeon (15/15)            Temple (1/1) D:7            Lair (6/6) D:9
  Swamp (1/4) Lair:4       Spider (1/4) Lair:2        Slime (0/5) Lair:6
    Orc (2/2) D:10            Elf (1/3) Orc:2        Vaults (0/5) D:13
 Depths (0/4) D:15          Sewer (visited)           IceCv (visited)
Desolation (visited)      Gauntlet (visited)

Altars:
Ashenzari
Cheibriados
Dithmenos
Elyvilon
Fedhas
Gozag
Hepliaklqana
Kikubaaqudgha
Makhleb
Nemelex Xobeh
Okawaru
Qazlal
Ru
Sif Muna
Trog
Uskayaw
Vehumet
Wu Jian
Xom
Yredelemnul
Zin
The Shining One
Beogh

Shops:
D:3 =   D:6 :?*   Orc:2 (:[*   Lair:1 ([[?:

Annotations:
D:1 dig
Lair:5 exclusion: oklob plant


Innate Abilities, Weirdness & Mutations

((You are very nimble when in or above water. (Stealth+, EV+, Speed+++)))
Your lower body shifts to a powerful aquatic tail in water.


Message History

The imperial myrmidon completely misses you.
Your lightning spire shoots out a bolt of lightning at the imperial myrmidon!
The bolt of electricity misses the imperial myrmidon.
The bolt of electricity hits the human shaped pillar of salt!
The human shaped pillar of salt is destroyed!
The bolt of electricity hits the elf shaped pillar of salt!
The elf shaped pillar of salt is destroyed!
Casting: Summon Lightning Spire (mildly dangerous; 4% risk of failure)
Confirm with . or Enter, or press ? or * to list all spells.
Okay, then.
Unknown command.
Aiming: Corrosive Bolt
Press: ? - help, Shift-Dir - straight line The bolt of acid hits the imperial myrmidon!
The imperial myrmidon is lightly wounded.
The bolt of acid hits the saltling.
The saltling is lightly damaged.
The bolt of acid hits the elf shaped pillar of salt!
You destroy the elf shaped pillar of salt!
The imperial myrmidon closely misses you.
Your lightning spire shoots out a bolt of lightning at the imperial myrmidon!
The bolt of electricity hits the imperial myrmidon.
The imperial myrmidon barely misses you.
The saltling misses you.
Your lightning spire shoots out a bolt of lightning at the imperial myrmidon!
The bolt of electricity hits the imperial myrmidon!
You hit the saltling but do no damage.
You block the imperial myrmidon's attack.
The saltling closely misses you.
Unknown command.
You barely miss the saltling.
You block the imperial myrmidon's attack.
The saltling closely misses you.
The imperial myrmidon hits you with a +0 scimitar!
* * * LOW HITPOINT WARNING * * *
Unknown command.
You feel much better. You block the saltling's attack.
The imperial myrmidon hits you with a +0 scimitar!!
You die...
Your body crumbles into a pile of gold.

,,,,,,,,,,,,.#.#.>.*,*****
,,,..,....,*##.#...#.,,,,#
.,,.......,*....###.****.#
..,#.......#.##....#####.#
..########.#.##..........#
..>.....##.#.#...8.......#
..#......#.#.#.........8.#
..#..#...#.#....9a.88....#
......###..####.@........#
#.#..#...#.###.....888.8##
#.#..#.>.#......./.8....#
.....#...#.###....8.8...#
#####.###.## #..........#
##...## #.....###### #####
####### # ##


You could see an imperial myrmidon (ally target), a saltling and a friendly
lightning spire (summoned).

Vanquished Creatures
  A frost giant (D:15)
  2 orc warlords
  A bunyip (Swamp:1)
  The ghost of Taemyero the Acolyte, a journeyman HuFi of the Shining One (D:12)
  Snorg (Lair:5)
  2 ettins (Orc:2)
  A minotaur (Gauntlet)
  Josephine (D:11)
  2 ragged hierophants (Desolation)
  Harold (D:8)
  11 hydras
  An ogre mage (D:15)
  2 catoblepae
  A death knight (D:12)
  4 boulder beetles
  7 two-headed ogres
  4 centaur warriors
  3 orc high priests
  5 tengu warriors
  The ghost of issech the Basher, a novice TrMo of Gozag (D:7)
  2 deep elf knights (Elf:1)
  A skeletal warrior (D:12)
  2 goliath frogs (Lair:6)
  An orb spider (Spider:1)
  5 lindwurms (Lair:4)
  A bog body (Lair:4)
  4 orc knights
  6 deep elf pyromancers
  3 deep elf zephyrmancers (Elf:1)
  4 orc sorcerers
  5 manticores
  4 cyclopes
  7 ugly things
  Joseph (D:8)
  A moth of wrath (Gauntlet)
  2 black mambas
  3 elephants (Lair:6)
  A torpor snail (Gauntlet)
  5 rime drakes
  2 unseen horrors
  A kobold demonologist (D:13)
  4 freezing wraiths
  13 komodo dragons
  24 cane toads
  An anaconda simulacrum (IceCv)
  4 ice devils (IceCv)
  An entropy weaver simulacrum (IceCv)
  2 tengu conjurers (D:13)
  4 tyrant leeches
  7 meliai
  4 trolls
  2 polar bears
  A raiju (shapeshifter) (D:15)
  7 saltlings (Desolation)
  9 slime creatures
  27 blink frogs
  6 dream sheep
  A jumping spider (Lair:2)
  A vampire (D:13)
  8 wraiths
  15 humans (D:13)
  4 wyverns
  79 yaks
  4 basilisks
  5 redbacks
  10 vampire mosquitoes
  3 death yak simulacra (IceCv)
  8 wargs
  A swamp worm (Swamp:1)
  2 acid dragons
  13 water moccasins
  21 orc warriors
  An ice beast (D:3)
  3 black bears
  3 sky beasts
  A necrophage (D:6)
  16 ogres
  13 wolves
  10 centaurs
  A kobold brigand (D:8)
  22 bullfrogs
  A wyvern zombie (D:7)
  A cane toad simulacrum (IceCv)
  A two-headed ogre simulacrum (IceCv)
  3 scorpions
  2 gnoll sergeants
  A water moccasin zombie (D:6)
  5 killer bees (D:9)
  3 elephant simulacra (IceCv)
  A nameless horror (Orc:1)
  An electric eel (Lair:6)
  A spectral centaur (D:7)
  3 howler monkeys
  7 centaur zombies
  7 jellies
  4 hounds
  2 centaur skeletons
  13 orc priests
  A bullfrog skeleton (D:5)
  An iguana (D:6)
  18 orc wizards
  3 polar bear simulacra (IceCv)
  A troll simulacrum (IceCv)
  3 wolf simulacra (IceCv)
  A howler monkey zombie (D:10)
  7 gnolls
  A naga simulacrum (IceCv)
  4 river rats
  10 adders
  2 white imps
  2 ufetubi
  A worm (D:2)
  A dart slug (D:4)
  54 orcs
  5 bats
  8 endoplasms
  2 giant cockroaches
  7 goblins
  6 hobgoblins
  5 jackals
  2 quokkas (D:1)
  10 ball pythons
  10 frilled lizards
  20 kobolds
  8 rats
  6 butterflies
  4 pillars of salt (Elf:1)
733 creatures vanquished.

Vanquished Creatures (collateral kills)
  An orc warlord (Orc:2)
  5 hydras
  Urug (D:13)
  Sonja (Orc:2)
  An orc knight (Orc:2)
  An ugly thing (D:15)
  An orc sorcerer (Orc:1)
  An elephant (Lair:6)
  A cane toad (Lair:3)
  3 freezing wraiths
  An anaconda simulacrum (IceCv)
  An efreet (D:14)
  A kobold demonologist (D:13)
  2 entropy weaver simulacra (IceCv)
  7 ice devils
  A polar bear (Lair:5)
  A saltling (Desolation)
  A blink frog (Lair:6)
  2 slime creatures
  2 dream sheep (Lair:4)
  A wraith (D:12)
  A vampire mosquito (D:14)
  A harpy simulacrum (IceCv)
  A warg (Orc:2)
  7 orc warriors
  2 ogres
  2 bullfrogs (Lair:6)
  A cane toad simulacrum (IceCv)
  An elephant simulacrum (IceCv)
  2 orc priests
  A troll simulacrum (IceCv)
  2 howler monkey zombies (D:7)
  5 gnolls
  2 white imps (Gauntlet)
  An ufetubus (IceCv)
  8 orcs
  2 pillars of salt (Elf:1)
75 creatures vanquished.

Vanquished Creatures (others)
  A dancing weapon (Elf:1)
  2 bushes (Lair:6)
  3 fulminant prisms
  34 fungi
  A pillar of salt (Elf:1)
  139 plants
180 creatures vanquished.

Grand Total: 988 creatures vanquished

Notes
Turn   | Place    | Note
-------+----------+-------------------------------------------
     0 | D:1      | fragbeetle the Merfolk Ice Elementalist began the quest for
                  | the Orb.
     0 | D:1      | Reached XP level 1. HP: 13/13 MP: 3/3
   244 | D:1      | Reached XP level 2. HP: 9/20 MP: 0/5
  1255 | D:1      | Reached skill level 1 in Fighting
  1407 | D:1      | Reached XP level 3. HP: 25/26 MP: 4/6
  1472 | D:1      | Learned a level 3 spell: Frozen Ramparts
  1766 | D:2      | Found a faded altar of an unknown god.
  2387 | D:3      | Found Plog's Jewellery Boutique.
  2393 | D:3      | Reached skill level 5 in Ice Magic
  2488 | D:3      | Noticed an ice beast
  2929 | D:3      | Reached XP level 4. HP: 30/32 MP: 3/7
  2934 | D:3      | Reached skill level 1 in Polearms
  2939 | D:3      | Found a glowing drain.
  2947 | Sewer    | Entered a sewer
  3059 | Sewer    | Learned a level 3 spell: Ozocubu's Armour
  3382 | Sewer    | Reached XP level 5. HP: 35/38 MP: 8/8
  3753 | D:3      | Found a glowing silver altar of Zin.
  3881 | D:3      | Found an iron altar of Okawaru.
  4292 | D:4      | Noticed a black bear
  4308 | D:4      | Found an ornate altar of the Wu Jian Council.
  4482 | D:4      | Reached XP level 6. HP: 29/44 MP: 0/9
  4804 | D:4      | Killed a black bear
  4805 | D:4      | Reached skill level 6 in Ice Magic
  4958 | D:4      | Reached XP level 7. HP: 49/51 MP: 2/10
  5299 | D:5      | Entered Level 5 of the Dungeon
  5364 | D:5      | Reached skill level 5 in Polearms
  5445 | D:5      | Reached skill level 5 in Dodging
  5644 | D:5      | Learned a level 3 spell: Confusing Touch
  5657 | D:5      | Reached XP level 8. HP: 40/58 MP: 4/11
  6004 | D:5      | Found a bloodstained altar of Trog.
  6325 | D:5      | Reached skill level 1 in Hexes
  6325 | D:5      | Reached skill level 7 in Ice Magic
  6601 | D:5      | Reached skill level 5 in Stealth
  6989 | D:6      | Found Taosh's Magic Scroll Shoppe.
  6989 | D:6      | Found Vesu's Book Shop.
  6990 | D:6      | Noticed a wraith
  6991 | D:6      | Found Diycroutz's Assorted Antiques.
  7004 | D:6      | Killed a wraith
  7040 | D:6      | Bought a scroll of amnesia for 35 gold pieces
  7040 | D:6      | Bought a scroll of fear for 35 gold pieces
  7040 | D:6      | Bought a scroll of immolation for 35 gold pieces
  7040 | D:6      | Bought a scroll of blinking for 75 gold pieces
  7166 | D:6      | Reached XP level 9. HP: 61/65 MP: 8/12
  7370 | D:6      | Reached skill level 8 in Ice Magic
  7980 | D:7      | Found a hazy altar of Hepliaklqana.
  7981 | D:7      | Found a blossoming altar of Fedhas.
  8717 | D:7      | Found a staircase to the Ecumenical Temple.
  8724 | Temple   | Entered the Ecumenical Temple
  8911 | Temple   | Became a worshipper of Gozag Ym Sagoz the Greedy
  9063 | D:7      | Found a runed translucent gate.
  9064 | D:7      | Found a runed translucent gate.
  9064 | D:7      | Found a runed translucent gate.
  9068 | D:7      | Noticed issech's ghost (novice TrMo)
  9253 | D:8      | You fall into a shaft and drop 1 floor!
  9332 | D:9      | Reached skill level 5 in Fighting
  9441 | D:9      | Reached skill level 9 in Ice Magic
  9449 | D:9      | Reached skill level 10 in Polearms
  9449 | D:9      | Reached XP level 10. HP: 55/74 MP: 5/13
 10386 | D:8      | Found a basalt altar of Yredelemnul.
 10387 | D:8      | Found a shimmering altar of Xom.
 10404 | D:8      | Noticed Joseph
 10724 | D:8      | Killed Joseph
 10928 | D:8      | Found a radiant altar of Vehumet.
 10989 | D:8      | Noticed Harold
 10997 | D:8      | Killed Harold
 10998 | D:8      | Reached skill level 10 in Ice Magic
 11279 | D:8      | Noticed a two-headed ogre
 11802 | D:9      | Found a staircase to the Lair.
 11808 | Lair:1   | Entered Level 1 of the Lair of Beasts
 12315 | D:6      | Bought a glowing demon trident for 432 gold pieces
 12842 | D:10     | Entered Level 10 of the Dungeon
 13180 | D:10     | Reached skill level 5 in Hexes
 13311 | D:10     | Found a broken altar of Ashenzari.
 13511 | D:10     | Reached XP level 11. HP: 60/83 MP: 14/14
 14027 | D:10     | Found a staircase to the Orcish Mines.
 14179 | D:11     | Noticed Josephine
 14291 | D:11     | Killed Josephine
 14292 | D:11     | Reached skill level 11 in Ice Magic
 15602 | D:11     | Noticed a manticore
 15608 | D:11     | Noticed a five-headed hydra
 16008 | Lair:1   | Learned a level 4 spell: Summon Lightning Spire
 16079 | Lair:1   | Reached skill level 1 in Summonings
 16191 | Lair:1   | Reached skill level 1 in Air Magic
 16271 | Lair:1   | Reached XP level 12. HP: 89/92 MP: 10/15
 17265 | Lair:2   | Reached skill level 10 in Dodging
 17333 | Lair:2   | Found a hole to the Spider Nest.
 17345 | Lair:2   | Noticed a five-headed hydra
 17453 | Lair:2   | Noticed an eight-headed hydra
 17728 | Lair:2   | Found a sacrificial altar of Ru.
 17833 | Lair:2   | Reached skill level 12 in Ice Magic
 18009 | Lair:2   | Noticed an eight-headed hydra
 18217 | Lair:2   | Noticed a catoblepas
 18229 | Lair:2   | Killed a catoblepas
 18240 | Lair:2   | Reached skill level 5 in Summonings
 18304 | Lair:2   | Killed a five-headed hydra
 18541 | Lair:2   | Killed an eight-headed hydra
 18774 | Lair:2   | Killed an eight-headed hydra
 18775 | Lair:2   | Reached XP level 13. HP: 66/99 MP: 8/19
 18980 | Lair:1   | Bought the +8 trident of Proximity {freeze, Str+5 Int-4}
                  | for 664 gold pieces
 19346 | Lair:3   | Reached skill level 1 in Armour
 19788 | Lair:3   | Reached skill level 5 in Air Magic
 21224 | Lair:4   | Found a frozen archway.
 21272 | IceCv    | Entered an ice cave
 21374 | IceCv    | Learned a level 4 spell: Fulminant Prism
 22235 | IceCv    | Found an ancient bone altar of Kikubaaqudgha.
 22250 | IceCv    | Reached skill level 1 in Conjurations
 23304 | Lair:4   | Found a staircase to the Swamp.
 24130 | Lair:5   | Reached XP level 14. HP: 66/108 MP: 17/21
 24351 | Lair:5   | Reached skill level 5 in Spellcasting
 24570 | Lair:5   | Noticed Snorg
 24643 | Lair:5   | Killed Snorg
 25693 | Lair:1   | Bought a runed helmet for 232 gold pieces
 25717 | Lair:1   | Bought an embroidered cloak for 232 gold pieces
 25871 | Lair:6   | Entered Level 6 of the Lair of Beasts
 26353 | Lair:6   | Reached skill level 13 in Ice Magic
 27771 | Lair:6   | Reached skill level 10 in Fighting
 28100 | Lair:6   | Found a staircase to the Slime Pits.
 28138 | Lair:6   | Reached skill level 5 in Conjurations
 28686 | D:7      | Reached XP level 15. HP: 115/115 MP: 12/23
 28699 | D:7      | Killed issech's ghost
 28721 | D:7      | Learned a level 5 spell: Alistair's Intoxication
 28992 | Orc:1    | Entered Level 1 of the Orcish Mines
 28992 | Orc:1    | Noticed an orc warlord
 29008 | D:10     | Reached skill level 1 in Transmutations
 29385 | D:10     | Reached skill level 1 in Poison Magic
 29857 | Orc:2    | Entered Level 2 of the Orcish Mines
 30427 | Orc:2    | Found a staircase to the Elven Halls.
 31120 | Orc:2    | Noticed an orc warlord
 31905 | D:9      | Killed an orc warlord
 32474 | D:9      | Found a staircase to the Lair.
 32803 | Lair:4   | Identified the ring of Xom's Amusement {rPois Dex+4}
 32816 | Lair:4   | Got Sif Muna's Incunabulum of Hurtful Stolen Souls
 32995 | Lair:1   | Bought a scroll of identify for 26 gold pieces
 32996 | Lair:1   | Bought 2 scrolls of identify for 52 gold pieces
 33016 | Lair:1   | Bought a scroll of teleportation for 39 gold pieces
 33188 | Orc:1    | Killed an orc warlord
 33797 | Orc:2    | Found Gotsich's General Store.
 33813 | Orc:2    | Bought a potion of degeneration for 15 gold pieces
 33833 | Orc:2    | Noticed Sonja
 33935 | Orc:2    | Found Barohye's Book Shop.
 33946 | Orc:2    | Bought a potion of brilliance for 60 gold pieces
 33956 | Orc:2    | Found Douv's Antique Armour Shop.
 33970 | Orc:2    | Found Fyliki's Antique Weapon Shop.
 34005 | Orc:2    | Bought the Unrestrained Analects for 704 gold pieces
 34015 | Orc:2    | Learned a level 7 spell: Ozocubu's Refrigeration
 34044 | Orc:2    | Killed Sonja
 34999 | Spider:1 | Entered Level 1 of the Spider Nest
 35263 | Lair:2   | Reached skill level 5 in Transmutations
 35932 | Lair:2   | Found a sacrificial altar of Ru.
 36440 | Swamp:1  | Entered Level 1 of the Swamp
 37546 | D:12     | Noticed Taemyero's ghost (journeyman HuFi)
 37546 | D:12     | Found a runed translucent door.
 38377 | D:12     | Reached skill level 14 in Ice Magic
 38387 | D:12     | Reached skill level 5 in Poison Magic
 39081 | D:12     | Killed Taemyero's ghost
 39082 | D:12     | Reached XP level 16. HP: 124/124 MP: 16/25
 39207 | D:13     | Found a gate leading to a gauntlet.
 39214 | Gauntlet | Entered a Gauntlet
 39214 | Gauntlet | Found a transporter.
 39214 | Gauntlet | Found a transporter.
 39219 | Gauntlet | Found a transporter.
 39220 | Gauntlet | Found a transporter.
 39222 | Gauntlet | Found a transporter.
 39274 | Gauntlet | Found a runed translucent door.
 39275 | Gauntlet | Found a transporter.
 39276 | Gauntlet | Found a runed translucent door.
 39278 | Gauntlet | Found a transporter.
 39316 | Gauntlet | Found a transporter.
 39317 | Gauntlet | Found a transporter.
 39317 | Gauntlet | Found a transporter.
 39331 | Gauntlet | Found a transporter.
 39346 | Gauntlet | Found a transporter.
 39356 | Gauntlet | Found a transporter.
 39373 | Gauntlet | Found a transporter.
 39650 | Gauntlet | Identified the +0 shortbow of Punubechos {flame, rF+}
 39650 | Gauntlet | Identified the +1 scale mail of Servitude {*Slow rElec
                  | Will+ Str+2}
 40141 | D:13     | Identified the +4 war axe of Ompargh {venom, Str+4 Dex+4}
 40531 | D:13     | Found a gate to the Vaults.
 40600 | D:13     | Reached skill level 1 in Shields
 41098 | D:13     | Noticed Urug
 41111 | D:13     | Killed Urug
 41577 | D:14     | Identified a scroll of acquirement
 41595 | D:14     | Acquired the ring "Turumm" {rPois rF+ rC+}
 42710 | D:15     | Entered Level 15 of the Dungeon
 42901 | D:15     | Found a staircase to the Depths.
 43680 | D:15     | Reached skill level 15 in Ice Magic
 44260 | Orc:1    | Paralysed by an orc sorcerer for 6 turns
 44648 | Orc:1    | Paralysed by an orc sorcerer for 7 turns
 44911 | Orc:2    | Bought a glimmering ring mail for 252 gold pieces
 44911 | Orc:2    | Identified the +5 ring mail "Taupyag" {rPois Will- MP-9
                  | Dex+4} (You bought it in a shop on level 2 of the Orcish
                  | Mines)
 44928 | Orc:2    | Bought a condenser vane for 600 gold pieces
 45262 | Elf:1    | Entered Level 1 of the Elven Halls
 45458 | Elf:1    | Found a crumbling gateway.
 45476 | Desolati | Entered the Desolation of Salt
 45499 | Desolati | Reached XP level 17. HP: 75/133 MP: 8/27
 45557 | Desolati | Reached skill level 5 in Shields
 45597 | Elf:1    | Slain by an imperial myrmidon

Illustrated notes

Levels and vault maps discovered:
D:1:      matt_arrival_spirals, layout_basic
D:2:      layout_loops_ring, hellmonk_ecumenical_altar_arch_garden
D:3:      layout_loops_corners, zin_treasury, okawaru_gym_becter,
          portal_sewer_entry_e, serial_shops, shop
D:4:      layout_rooms, nicolae_wu_jian_wuxing_cycle
D:5:      layout_basic, trog_hazing_becter
D:6:      layout_layer_cave, nicolae_wooded_promenade
D:7:      layout_basic, jmf_multi_god_temple, minmay_temple_entry_glassed_door,
          gammafunk_ghost_necromancy
D:8:      layout_basic, fiery_altar_vehumet, grunt_temple_overflow_open,
          uniq_joseph, uniq_harold
D:9:      layout_layer_cave, lair_entry_dummy
D:10:     layout_basic, ashenzari_conservatory_becter,
          minmay_orc_entry_guard_dogs
D:11:     layout_loops_corners, uniq_josephine
D:12:     layout_loops_cross, hellmonk_ghost_happy_afterlife
D:13:     layout_long_grid, david_vaults_3, gauntlet_entry_generic,
          kennysheep_generic_room_5
D:14:     layout_small_grid, kennysheep_big_empty_room
D:15:     grunt_enter_depths_snipers, layout_small_grid,
          minmay_misc_feat_diagonals
Temple:   minmay_temple_bridge_abc
Lair:1:   layout_cave_pods
Lair:2:   layout_loops_ring, dummy_spider_entry, basic_altar,
          minmay_shattered_shrine, lemuel_fruit_fields
Lair:3:   layout_cave_pods, serial_bayou_pond_c, st_stairs_7,
          beast_lair_carwin_1
Lair:4:   layout_regular_city, skrybe_swamp_entry_bodies, portal_ice_cave_rime,
          minmay_lindwurm_lava
Lair:5:   layout_big_grid, lemuel_fruit_fields, lemuel_fruit_fields,
          serial_bayou_shore_b, uniq_snorg
Lair:6:   minmay_lair_end_frog_pond, layout_cave_pods,
          nicolae_slime_entry_slimehenge, grunt_forest_small_clearing_treed,
          grunt_megastairs_4, serial_bayou_shore_a
Swamp:1:  layout_falls_marsh, lemuel_altar_in_water
Spider:1: layout_spider_delve
Orc:1:    layout_caves, minmay_orc_temple_c
Orc:2:    grunt_orc_cross, layout_diamond_mine, lemuel_statue_altar, uniq_sonja
Elf:1:    elf_arrival_002, layout_loops_cross, portal_desolation_entry_garden,
          evilmike_minifort, nicolae_elf_glass_and_crystal_pillar_1, uniq_agnes

Skill      XL: |  1  2  3  4  5  6  7  8  9 10 11 12 13 14 15 16 17 |
---------------+----------------------------------------------------+-----
Dodging        | 3 4 5 6 7 8 9 10 11 12 13 14 | 14.1
Fighting       | 1 2 3 4 5 6 7 8 9 10 11 | 11.7
Ice Magic      | 5 6 7 9 10 11 12 13 14 15 | 15.4
Stealth        | 3 4 5 |  5.0
Polearms       | 1 3 4 5 7 10 12 13 14 | 14.0
Hexes          | 2 3 5 6 |  6.0
Summonings     | 2 5 6 7 8 |  8.0
Air Magic      | 1 4 6 7 |  7.4
Spellcasting   | 4 5 6 7 |  7.0
Armour         | 3 4 |  4.0
Conjurations   | 2 5 6 7 |  7.4
Transmutations | 6 7 |  7.1
Poison Magic   | 5 |  5.7
Shields        | 4 5 |  5.0

Action                   |  1- 3 |  4- 6 |  7- 9 | 10-12 | 13-15 | 16-18 || total
-------------------------+-------+-------+-------+-------+-------+-------++-------
Melee: Unarmed           |     1 |       |       |       |       |       ||     1
       Lajatang          |    73 |       |       |       |       |       ||    73
       Trident           |    17 |    52 |       |       |   856 |   176 ||  1101
       Tailslap          |       |     3 |       |       |    16 |       ||    19
       Flail             |       |    24 |   147 |   118 |       |       ||   289
       Punch             |       |       |     4 |     4 |    22 |     2 ||    32
       Demon trident     |       |       |       |   298 |   272 |   362 ||   932
Throw: Dart              |       |       |     2 |     5 |     6 |       ||    13
       Boomerang         |       |       |       |    17 |   109 |     8 ||   134
 Cast: Freeze            |    33 |    14 |       |       |       |       ||    47
       Frozen Ramparts   |     1 |    11 |    30 |    58 |   134 |    46 ||   280
       Ozocubu's Armour  |       |     4 |    14 |    33 |   120 |    40 ||   211
       Confusing Touch   |       |       |       |     1 |       |       ||     1
       Summon Lightning  |       |       |       |     3 |    93 |    30 ||   126
       Fulminant Prism   |       |       |       |       |     3 |       ||     3
       Ozocubu's Refrige |       |       |       |       |     4 |     9 ||    13
       Alistair's Intoxi |       |       |       |       |       |     1 ||     1
Invok: Call Merchant     |       |       |       |       |     4 |     1 ||     5
Evoke: Wand              |       |       |     4 |     2 |    13 |     4 ||    23
  Use: Scroll            |       |       |     3 |    13 |    18 |     5 ||    39
       Potion            |       |       |     2 |     1 |    11 |     3 ||    17
 Stab: Sleeping          |     7 |     8 |     6 |     6 |     7 |     2 ||    36
       Confused          |       |       |       |     2 |       |       ||     2
       Distracted        |       |       |       |     8 |    19 |     6 ||    33
Armor: Robe              |    38 |    21 |    13 |       |   176 |   146 ||   394
       Leather armour    |       |       |    58 |    98 |    54 |       ||   210
Dodge: Dodged            |    93 |    67 |   160 |   291 |   796 |   378 ||  1785
Block: Buckler           |       |       |       |       |       |    89 ||    89

Table legend: (Time is in decaauts)
 A = Elapsed time spent in this place.
 B = Non-inter-level travel time spent in this place.
 C = Inter-level travel time spent in this place.
 D = Time resting spent in this place.
 E = Time spent auto-exploring this place.
 F = Levels seen in this place.
 G = Mean time per level.
                   A        B        C        D        E       F      G
               +--------+--------+--------+--------+--------+-----+--------+
         Total |  44875 |  41115 |   3760 |  10644 |  18570 |  31 | 1447.6 |
       Dungeon |  24815 |  22275 |   2540 |   4628 |  12799 |  15 | 1654.3 |
        Temple |    153 |    153 |      0 |      0 |    111 |   1 |  153.0 |
          Lair |  12331 |  11302 |   1029 |   3214 |   4538 |   6 | 2055.2 |
         Swamp |    532 |    532 |      0 |    350 |      0 |   1 |  532.0 |
   Spider Nest |     77 |     77 |      0 |     12 |      0 |   1 |   77.0 |
  Orcish Mines |   3945 |   3754 |    191 |   1179 |    922 |   2 | 1972.5 |
   Elven Halls |    138 |    138 |      0 |      0 |      0 |   1 |  138.0 |
         Sewer |    568 |    568 |      0 |    182 |    180 |   1 |  568.0 |
      Ice Cave |   1780 |   1780 |      0 |   1077 |     18 |   1 | 1780.0 |
    Desolation |     91 |     91 |      0 |      0 |      0 |   1 |   91.0 |
      Gauntlet |    441 |    441 |      0 |      0 |      0 |   1 |  441.0 |
               +--------+--------+--------+--------+--------+-----+--------+

Top non-repeatable levels by time:
     D:9: 3615 daAuts
  Lair:2: 3216 daAuts
   Orc:2: 2518 daAuts
    D:10: 2388 daAuts
    D:11: 2296 daAuts
  Lair:6: 2290 daAuts
  Lair:5: 1903 daAuts
   IceCv: 1780 daAuts
  Lair:3: 1670 daAuts
  Lair:1: 1663 daAuts
     D:7: 1625 daAuts
    D:13: 1611 daAuts
    D:12: 1598 daAuts
  Lair:4: 1586 daAuts
     D:8: 1573 daAuts
